 Dungeon Crawl Stone Soup version 0.22.1-1-ga44c0e56f4 (webtiles) character file.

7382 DildoBatman the Sneak (level 11, 0/81 HPs)
             Began as a Formicid Wizard on Oct 30, 2018.
             Was a Believer of Kikubaaqudgha.
             Killed by vampiric draining
             ... invoked by a vampire
              (11 damage)
             ... on level 9 of the Dungeon.
             The game lasted 00:44:46 (10830 turns).

DildoBatman the Sneak (Formicid Wizard)            Turns: 10830, Time: 00:44:47

Health: 0/81       AC: 16    Str: 12    XL:     11   Next: 36%
Magic:  5/26       EV: 11    Int: 21    God:    Kikubaaqudgha [**....]
Gold:   459        SH:  0    Dex:  9    Spells: 10/18 levels left

rFire    . . .     SeeInvis +   b - +2 dagger (protect)
rCold    . . .     Gourm    .   (no shield)
rNeg     . . .     Faith    .   y - +2 ring mail "Adwetah" {MP+9}
rPois    .         Spirit   .   (helmet unavailable)
rElec    .         Reflect  .   e - +0 cloak (curse)
rCorr    .         Harm     .   (no gloves)
MR       +....                  (no boots)
Stlth    +++.......             r - amulet of regeneration
HPRegen  0.63/turn              (no ring)
MPRegen  0.20/turn              N - ring of flight (curse)

@: protection aura
A: permanent stasis, dig shafts and tunnels, four strong arms, antennae 3
a: Dig, Shaft Self, Receive Corpses, Renounce Religion, Evoke Flight


You were on level 9 of the Dungeon.
You worshipped Kikubaaqudgha.
Kikubaaqudgha was pleased with you.
You were near starving.

You visited 2 branches of the dungeon, and saw 11 of its levels.
You also visited: Sewer and Ossuary.

You collected 569 gold pieces.
You spent 110 gold pieces at shops.

Inventory:

Hand Weapons
 a - a +2 spear of venom
 b - a +2 dagger of protection (weapon)
 c - a +0 hunting sling
Missiles
 d - 461 stones (quivered)
 p - 5 needles of sleeping
 u - 2 throwing nets
 E - 20 sling bullets
 L - 103 arrows
Armour
 e - a cursed +0 cloak (worn)
 o - a +0 large shield
 s - a +2 large shield
 y - the +2 ring mail "Adwetah" (worn) {MP+9}
   (You found it on level 4 of the Dungeon)

   It affects your magic capacity (+9).
 O - +0 steam dragon scales
Magical Staves
 F - an uncursed staff of fire
 I - an uncursed staff of wizardry
Jewellery
 k - an uncursed ring of ice
 r - an amulet of regeneration (around neck)
 K - an uncursed ring of positive energy
 N - a cursed ring of flight (right hand)
Wands
 A - a wand of disintegration (10)
 H - a wand of iceblast (4)
 J - a wand of polymorph (8)
 Q - a wand of flame (31)
Scrolls
 j - a scroll of immolation {unknown}
 l - a scroll of fear {unknown}
 q - 5 scrolls of enchant weapon {unknown}
 w - a scroll of noise {unknown}
 x - 3 scrolls of remove curse
 z - 6 scrolls of identify
 B - 2 scrolls of amnesia {unknown}
 C - a scroll of magic mapping
 M - 2 scrolls of fog {unknown}
Potions
 f - a potion of magic {unknown}
 g - 4 potions of mutation
 h - 2 potions of brilliance {unknown}
 i - 5 potions of curing
 m - 6 potions of flight
 n - 3 potions of heal wounds {unknown}
 t - a potion of invisibility {unknown}
 D - 2 potions of lignification {unknown}
 P - a potion of might {unknown}
Comestibles
 v - 17 rations


   Skills:
 - Level 6.0 Fighting
 - Level 3.0 Short Blades
   Level 0.5 Maces & Flails
 - Level 4.0 Polearms
 - Level 5.0 Armour
 - Level 3.0 Dodging
 - Level 7.0 Stealth
 * Level 1.1 Shields
 - Level 4.0 Spellcasting
 - Level 4.0 Conjurations
 - Level 6.0 Hexes
   Level 1.0 Summonings
 - Level 5.4 Necromancy
   Level 0.8 Translocations
 - Level 3.0 Air Magic
 - Level 6.2 Poison Magic
 - Level 7.0 Evocations


You had 10 spell levels left.
You knew the following spells:

 Your Spells              Type           Power        Failure   Level  Hunger
a - Slow                  Hex            ####....     3%          2    #......
c - Magic Dart            Conj           ###.         4%          1    None
e - Mephitic Cloud        Conj/Pois/Air  ###.....     12%         3    ###....
z - Sublimation of Blood  Necr           ####......   4%          2    #......

Your spell library contained the following spells:

 Spells                   Type           Power        Failure   Level  Hunger
 Animate Skeleton         Necr           N/A          2%          1    None
 Confusing Touch          Hex            ####..       2%          1    None
 Corona                   Hex            ####...      2%          1    None
 Pain                     Necr           ####         2%          1    None
 Corpse Rot               Necr           N/A          4%          2    #......
 Vampiric Draining        Necr           ####......   9%          3    ###....
 Summon Small Mammal      Summ           #...         17%         1    None
 Apportation              Tloc           #.....       19%         1    None
 Portal Projectile        Hex/Tloc       ###...       19%         3    ###....
 Inner Flame              Hex/Fire       ###.....     22%         3    ###....
 Cause Fear               Hex            ####......   22%         4    ####...
 Call Imp                 Summ           #.......     26%         2    #......
 Conjure Flame            Conj/Fire      ##......     32%         3    ###....
 Leda's Liquefaction      Hex/Erth       ###.......   58%         4    ####...
 Blink                    Tloc           Unusable     N/A         2    N/A

Dungeon Overview and Level Annotations

Branches:
Dungeon (10/15)            Temple (1/1) D:7             Orc (0/2) D:9
   Lair: D:8-11

Altars:
Ashenzari
Cheibriados
Dithmenos
Elyvilon
Fedhas
Gozag
Hepliaklqana
Kikubaaqudgha
Makhleb
Nemelex Xobeh
Okawaru
Qazlal
Ru
Sif Muna
Trog
Uskayaw
Vehumet
Wu Jian
Xom
Yredelemnul
Zin
The Shining One

Shops:
D:5 ?   D:7 %


Innate Abilities, Weirdness & Mutations

You cannot be hasted, slowed, berserked, paralysed or teleported.
You can dig through walls and to a lower floor.
Your four strong arms can wield two-handed weapons with a shield.
You have a pair of large antennae on your head. (SInv)


Message History

The vampire draws strength from your injuries!
You hit the vampire but do no damage.
Unknown command.
Unknown command.
Aiming: Disintegrate
Press: ? - help, Shift-Dir - straight line, f/p - vampire
Aim: a vampire (slow, slightly transparent, chance to defeat MR: 73%)
The vampire struggles to resist.
The vampire hits you.
The vampire bites you but does no damage.
Adjust to which letter? (? for menu, Esc to quit)
A - a wand of disintegration (11)
J - a wand of polymorph (8)
Aiming: Disintegrate
Press: ? - help, Shift-Dir - straight line, f/p - vampire
Aim: a vampire (slow, slightly transparent, chance to defeat MR: 73%)
The vampire is blasted.
The vampire is infused with unholy energy.
You die...
Kikubaaqudgha rasps: "You have failed me!
Welcome... death!"

#########............#
########.#..#########
##.....##....#
.......#.....#
.......#'#..####
...........>...#
............(..#
###..........K.###
###............#@#
...............V##
.....###....#####
.....# #....# .....#
#....# .....# #....#
.....# #....# .....#
#....# ###### #....#


You could see a vampire (invisible).

Vanquished Creatures
  Gastronok (D:9)
  A two-headed ogre (D:10)
  An unseen horror (D:8)
  A troll (D:10)
  A hippogriff (D:10)
  A steam dragon (D:9)
  2 hungry ghosts (D:10)
  6 vampire mosquitoes
  A black bear (D:8)
  An orc warrior (D:9)
  2 ice beasts
  3 ogres
  An eye of draining (D:10)
  A centaur (D:7)
  6 bullfrogs
  A wyvern skeleton (D:8)
  4 scorpions
  4 killer bees (D:7)
  6 wights
  4 howler monkeys
  4 jellies
  A crimson imp (D:9)
  A bullfrog zombie (Ossuary)
  A bullfrog skeleton (D:7)
  A centaur zombie (Ossuary)
  3 orc priests
  4 hounds
  2 orc wizards (D:9)
  An iguana (D:5)
  4 worker ants
  3 hound skeletons
  2 hound zombies
  5 mummies
  Robin (D:3)
  14 adders
  2 shadow imps
  11 oozes
  2 adder zombies
  2 adder skeletons (D:6)
  6 worms
  A dart slug (D:2)
  6 leopard geckos
  17 orcs
  8 giant cockroaches
  17 goblins
  12 hobgoblins
  6 jackals
  3 quokkas
  6 ball pythons
  13 bats
  5 frilled lizards
  2 jackal skeletons
  A jackal zombie (Ossuary)
  12 kobolds
  A quokka skeleton (D:7)
  23 rats
  2 butterflies (D:7)
253 creatures vanquished.

Vanquished Creatures (others)
  2 withered plants (Ossuary)
2 creatures vanquished.

Grand Total: 255 creatures vanquished

Notes
Turn   | Place    | Note
-------+----------+-------------------------------------------
     0 | D:1      | DildoBatman the Formicid Wizard began the quest for the
                  | Orb.
     0 | D:1      | Reached XP level 1. HP: 13/13 MP: 4/4
     7 | D:1      | Reached skill level 1 in Conjurations
   134 | D:1      | Reached XP level 2. HP: 19/19 MP: 3/6
   450 | D:1      | Reached XP level 3. HP: 23/24 MP: 3/7
  1215 | D:2      | Reached XP level 4. HP: 26/30 MP: 5/8
  1240 | D:2      | Learned a level 2 spell: Slow
  1244 | D:2      | Learned a level 3 spell: Mephitic Cloud
  2067 | D:3      | Reached XP level 5. HP: 32/35 MP: 1/9
  2075 | D:3      | Noticed Robin
  2173 | D:3      | Killed Robin
  2517 | D:3      | Reached skill level 1 in Hexes
  3013 | D:3      | Reached skill level 1 in Poison Magic
  3205 | D:3      | Found a bloodstained altar of Trog.
  3282 | D:3      | Noticed a bullfrog
  3289 | D:3      | Killed a bullfrog
  3289 | D:3      | Reached skill level 1 in Fighting
  3289 | D:3      | Reached skill level 1 in Armour
  3289 | D:3      | Reached XP level 6. HP: 41/43 MP: 8/10
  3471 | D:4      | Reached skill level 1 in Air Magic
  3506 | D:4      | Reached skill level 1 in Polearms
  3636 | D:4      | Reached XP level 7. HP: 36/48 MP: 11/11
  3866 | D:4      | Got a polished ring mail
  3877 | D:4      | Identified the +2 ring mail "Adwetah" {MP+9} (You found it
                  | on level 4 of the Dungeon)
  3973 | D:4      | Reached skill level 1 in Short Blades
  4160 | D:5      | Entered Level 5 of the Dungeon
  4315 | D:5      | Found Bevoip's Magic Scroll Boutique.
  4318 | D:5      | Bought a scroll of magic mapping for 45 gold pieces
  4318 | D:5      | Bought a scroll of remove curse for 39 gold pieces
  4318 | D:5      | Bought a scroll of identify for 26 gold pieces
  4386 | D:5      | Found a glowing drain.
  4453 | Sewer    | Entered a sewer
  5235 | D:7      | Found Wyamifru's Food Emporium.
  5257 | D:7      | Reached XP level 8. HP: 46/56 MP: 12/12
  5269 | D:7      | Found a staircase to the Ecumenical Temple.
  5285 | Temple   | Entered the Ecumenical Temple
  5299 | Temple   | Became a worshipper of Kikubaaqudgha
  5372 | D:6      | Found a sand-covered staircase.
  5441 | Ossuary  | Entered an ossuary
  6906 | D:7      | Reached skill level 5 in Poison Magic
  6986 | D:7      | Reached * piety under Kikubaaqudgha
  6986 | D:7      | Identified Kikubaaqudgha's Incunabulum of Sinister Magic
                  | (Kikubaaqudgha gifted it to you on level 7 of the Dungeon)
  6986 | D:7      | Received a gift from Kikubaaqudgha
  7053 | D:7      | Reached XP level 9. HP: 61/61 MP: 10/14
  7967 | D:8      | Found a glowing golden altar of the Shining One.
  8176 | D:8      | Noticed an unseen horror
  8199 | D:8      | Killed an unseen horror
  8199 | D:8      | Reached skill level 5 in Stealth
  8199 | D:8      | Reached skill level 5 in Hexes
  8729 | D:8      | Reached skill level 1 in Evocations
  8799 | D:9      | Reached skill level 1 in Necromancy
  8830 | D:9      | Found a shattered altar of Ashenzari.
  8857 | D:9      | Reached XP level 10. HP: 53/73 MP: 9/16
  9210 | D:9      | Reached skill level 5 in Fighting
  9278 | D:9      | Noticed Gastronok
  9419 | D:9      | HP: 3/74 [Gastronok/the air (21)]
  9428 | D:9      | Killed Gastronok
  9428 | D:9      | Reached skill level 5 in Necromancy
  9446 | D:9      | Reached ** piety under Kikubaaqudgha
  9606 | D:9      | Found a staircase to the Orcish Mines.
 10056 | D:10     | Entered Level 10 of the Dungeon
 10068 | D:10     | Learned a level 2 spell: Sublimation of Blood
 10123 | D:10     | Reached XP level 11. HP: 80/80 MP: 17/17
 10259 | D:10     | Noticed a two-headed ogre
 10291 | D:10     | Killed a two-headed ogre
 10522 | D:10     | Reached skill level 5 in Armour
 10798 | D:10     | Reached skill level 1 in Shields
 10830 | D:9      | Killed from afar by a vampire

Skill      XL: |  1  2  3  4  5  6  7  8  9 10 11 |
---------------+----------------------------------+-----
Conjurations   | 1 2 3 4 |  4.0
Dodging        | 2 3 |  3.0
Hexes          | 1 2 3 4 6 |  6.0
Poison Magic   | 1 2 3 6 |  6.2
Fighting       | 1 2 4 5 6 |  6.0
Armour         | 1 2 4 5 |  5.0
Stealth        | 3 5 6 7 |  7.0
Air Magic      | 1 3 |  3.0
Polearms       | 1 2 3 4 |  4.0
Short Blades   | 1 2 3 |  3.0
Spellcasting   | 4 |  4.0
Evocations     | 1 6 7 |  7.0
Necromancy     | 1 5 |  5.4
Shields        | 1 |  1.1
Maces & Flails | |  0.5
Summonings     | |  1.0
Translocations | |  0.8

Action                   |  1- 3 |  4- 6 |  7- 9 | 10-12 || total
-------------------------+-------+-------+-------+-------++-------
Melee: Spear             |    64 |   128 |   267 |   188 ||   647
       Dagger            |       |     5 |    91 |   109 ||   205
Throw: Stone             |     2 |       |       |       ||     2
 Cast: Magic Dart        |    76 |    99 |   147 |   161 ||   483
       Mephitic Cloud    |       |     3 |    16 |    15 ||    34
       Slow              |       |       |    11 |    19 ||    30
 Abil: Dig               |       |     4 |    20 |    13 ||    37
Evoke: Wand              |       |       |       |    11 ||    11
  Use: Scroll            |       |       |     8 |     1 ||     9
       Potion            |       |       |     3 |       ||     3
 Stab: Sleeping          |     1 |       |     6 |     2 ||     9
       Confused          |       |     2 |     8 |     4 ||    14
  Eat: Chunk             |     1 |     8 |    17 |     6 ||    32
       Ration            |       |       |     1 |     1 ||     2
Armor: Robe              |    14 |    18 |     3 |       ||    35
       Ring mail         |       |       |   141 |   107 ||   248
Dodge: Dodged            |    38 |    72 |   196 |   144 ||   450
